 Dungeon Crawl Stone Soup version 0.22.1-1-ga44c0e5 (webtiles) character file.

126 Fang the Skirmisher (level 5, 0/33 HPs)
             Began as a Gargoyle Berserker on Sept 20, 2018.
             Was a Believer of Trog.
             Slain by a phantom (7 damage)
             ... on level 3 of the Dungeon.
             The game lasted 00:01:53 (2317 turns).

Fang the Skirmisher (Gargoyle Berserker)            Turns: 2317, Time: 00:01:53

Health: 0/33       AC:  6    Str: 21    XL:     5   Next: 9%
Magic:  5/5        EV: 12    Int:  8    God:    Trog [**....]
Gold:   92         SH:  0    Dex:  9    Spells: 4/4 levels left

rFire    . . .     SeeInvis .   a - +0 hand axe
rCold    . . .     Gourm    .   (no shield)
rNeg     + . .     Faith    .   b - +0 animal skin
rPois    ∞         Spirit   .   (no helmet)
rElec    +         Reflect  .   (no cloak)
rCorr    .         Harm     .   (no gloves)
MR       .....                  (no boots)
Stlth    +.........             (no amulet)
HPRegen  0.11/turn              (no ring)
MPRegen  0.09/turn              (no ring)

@: berserk cooldown, slowed, very slow
A: negative energy resistance 1, electricity resistance, unbreathing,
petrification resistance, rot immunity, AC +4
a: Berserk, Trog's Hand, Renounce Religion


You were on level 3 of the Dungeon.
You worshipped Trog.
Trog was pleased with you.
You were very hungry.

You visited 1 branch of the dungeon, and saw 3 of its levels.

You collected 92 gold pieces.

Inventory:

Hand Weapons
 a - a +0 hand axe (weapon)
Missiles
 k - 5 poisoned javelins (quivered)
Armour
 b - a +0 animal skin (worn)
Jewellery
 f - an uncursed ring of magical power {unknown}
Scrolls
 d - 2 scrolls of teleportation {unknown}
 e - a scroll of magic mapping {unknown}
 g - a scroll of enchant armour {unknown}
 h - a scroll of immolation {unknown}
 i - 2 scrolls of remove curse {unknown}
 j - a scroll of enchant weapon {unknown}
 m - 2 scrolls of identify {unknown}
Potions
 l - 2 potions of curing {unknown}
Comestibles
 c - a ration


   Skills:
 + Level 4.3 Fighting
 + Level 4.0 Axes
 + Level 2.3 Armour
 + Level 2.2 Dodging
 + Level 0.7 Stealth


You had 4 spell levels left.
You didn't know any spells.
Your spell library was empty.

Dungeon Overview and Level Annotations

Branches:
Dungeon (3/15)

Altars:
Makhleb
Zin


Innate Abilities, Weirdness & Mutations

You are resistant to torment.
Your stone body is resilient. (AC +4)
You are immune to poison.
You resist negative energy. (rN+)
You are resistant to electric shocks. (rElec)
You can survive without breathing.
You are immune to petrification.
You are immune to rotting.


Message History

The phantom blinks!
The dart slug bites you but does no damage.
You slash the dart slug!
You feel the power of Trog in you as your rage grows.
You kill the dart slug!
Trog accepts your kill.
You see here a dart slug corpse.
You feel a strong urge to attack something.
You are no longer berserk.
You are exhausted.
You feel yourself slow down.
The phantom blinks!
The phantom hits you but does no damage.
The phantom hits you but does no damage.
The phantom blinks!
An orc comes into view. It is wielding a falchion.
The phantom blinks!
The orc shouts!
The phantom hits you!
You die...

#...### #.# ##...# #.#
#...## #.# ##'### #.#
##...## #.# ##.....##
####.## ##....†..##
##.##..#
#.........####......###
+.....@...+............
#.....W...####....#####
##.......## ##.#.#
##...o.## ###.# ##...##
#.# ##'### #.#
.....#########.#
###.#.#..)......#
#.####.#.#.######..#


You could see a phantom and an orc.

Vanquished Creatures
  A hound (D:2)
  Terence (D:2)
  An adder (D:2)
  3 worms (D:2)
  2 dart slugs
  A leopard gecko (D:2)
  2 giant cockroaches
  4 goblins
  6 hobgoblins
  10 jackals
  5 kobolds
  2 bats
  3 frilled lizards
  7 rats
48 creatures vanquished.

Notes
Turn   | Place    | Note
-------+----------+-------------------------------------------
     0 | D:1      | Fang the Gargoyle Berserker began the quest for the Orb.
     0 | D:1      | Reached XP level 1. HP: 14/14 MP: 1/1
    78 | D:1      | Reached XP level 2. HP: 9/19 MP: 2/2
   659 | D:1      | Reached XP level 3. HP: 20/24 MP: 3/3
  1029 | D:1      | Reached ** piety under Trog
  1248 | D:2      | Reached XP level 4. HP: 26/29 MP: 4/4
  1885 | D:2      | Noticed Terence
  1901 | D:2      | Killed Terence
  1901 | D:2      | Reached XP level 5. HP: 33/33 MP: 5/5
  2280 | D:3      | Found a burning altar of Makhleb.
  2282 | D:3      | Found a glowing silver altar of Zin.
  2282 | D:3      | Noticed an angel
  2283 | D:3      | Noticed an Executioner
  2293 | D:3      | Noticed a phantom
  2317 | D:3      | Slain by a phantom

Skill      XL: |  1  2  3  4 |
---------------+-------------+-----
Axes           | 3 4 |  4.0
Fighting       | 4 |  4.3
Dodging        | 2 |  2.2
Armour         | |  2.3
Stealth        | |  0.7

Action                   |  1- 3 |  4- 6 || total
-------------------------+-------+-------++-------
Melee: Hand axe          |    78 |    91 ||   169
Invok: Berserk           |     2 |     2 ||     4
  Eat: Chunk             |     2 |     5 ||     7
Armor: Animal skin       |    34 |    30 ||    64
Dodge: Dodged            |    50 |    45 ||    95
